 Dungeon Crawl Stone Soup version 0.31-a0-182-gc5ef74bbde (webtiles) character file.

Game seed: 10357984479972253632

35 Moral the Grave Robber (level 3, -5/26 HPs)
             Began as a Ghoul Necromancer on June 21, 2023.
             Slain by Terence
             ... wielding a +0 flail
              (8 damage)
             ... on level 2 of the Dungeon.
             The game lasted 00:02:57 (1506 turns).

Moral the Grave Robber (Ghoul Necromancer)          Turns: 1506, Time: 00:02:57

Health: -5/26      AC:  3    Str: 11    XL:     3   Next: 33%
Magic:  1/5        EV: 12    Int: 12    God:
Gold:   83         SH:  0    Dex:  9    Spells: 5/6 levels left

rFire   . . .        k - +1 whip
rCold   + + .        (no shield)
rNeg    + + +        d - +0 robe
rPois   ∞            (no helmet)
rElec   .            (no cloak)
rCorr   .            (no gloves)
SInv    .            c - +0 pair of boots
Will    .....        (no amulet)
Stlth   ++           f - ring of protection from cold
HPRegen 0.00/turn    (no ring)
MPRegen 0.09/turn

%: no passive effects
@: inhibited regen
A: claws 1, cold resistance 1, negative energy resistance 3, inhibited
regeneration, torment resistance 2, devour on kill
a: no special abilities


You were on level 2 of the Dungeon.
You visited 1 branch of the dungeon, and saw 2 of its levels.

You collected 83 gold pieces.

Inventory:

Hand Weapons
 k - a +1 whip (weapon)
Armour
 c - a +0 pair of boots (worn)
 d - a +0 robe (worn)
Jewellery
 f - a ring of protection from cold (left claw)
Scrolls
 e - a scroll of revelation {unknown}
 h - a scroll of immolation {unknown}
 l - a scroll of enchant armour {unknown}
 m - 3 scrolls of identify {unknown}
Potions
 a - a potion of degeneration {unknown}
 b - a potion of magic
 g - a potion of curing
 i - a potion of might {unknown}


   Skills:
 + Level 2.2 Dodging
 + Level 2.8 Stealth
 + Level 2.1 Spellcasting
 + Level 4.3 Necromancy


You had 5 spell levels left.
You knew the following spells:

 Your Spells              Type           Power      Damage    Failure   Level
a - Necrotise             Necr           44%        1d6       4%          1

Your spell library contained the following spells:

 Spells                   Type           Power      Damage    Failure   Level
 Vampiric Draining        Necr           11%        2d6       14%         3
 Animate Dead             Necr           11%        N/A       41%         4
 Tukima's Dance           Hex            1%         N/A       63%         3
 Agony                    Necr           11%        N/A       77%         5
 Passage of Golubria      Tloc           1%         N/A       95%         4
 Yara's Violent Unravell  Hex/Tmut       0%         3d3       100%        5


Dungeon Overview and Level Annotations

Branches:
Dungeon (2/15)

Altars:
Hepliaklqana

Shops:
D:1 !   D:2 !

Annotations:
D:2 1 runed translucent door, Crazy Yiuf, Terence


Innate Abilities, Weirdness & Mutations

You are immune to poison.
You have sharp fingernails.
Your flesh is cold resistant. (rC+)
You are immune to negative energy. (rN+++)
You do not regenerate when monsters are visible.
You are immune to unholy pain and torment.
You thrive by killing the living.


Message History

Terence screams, "I want your blood!" Terence barely misses you.
Terence struggles to resist.
Terence barely misses you.
You are out of magic!
You are out of magic!
You are out of magic!
You are out of magic!
You closely miss Terence.
Terence is moderately wounded.
Terence completely misses you.
You hit Terence but do no damage.
Terence is moderately wounded.
Terence barely misses you.
You hit Terence.
Terence is moderately wounded.
Terence hits you with a +0 flail! Terence hits you with a +0 flail.
You are too injured to fight recklessly!
You are too injured to fight recklessly!
You are too injured to fight recklessly!
You hit Terence.
Terence is moderately wounded.
Terence hits you with a +0 flail.
You hit Terence.
Terence is heavily wounded.
Terence screams, "I want your blood!" Terence misses you.
You hit Terence but do no damage.
Terence is heavily wounded.
Terence barely misses you.
You hit Terence but do no damage.
Terence is heavily wounded.
Terence closely misses you.
You hit Terence.
Terence is heavily wounded.
Terence hits you with a +0 flail!
* * * LOW HITPOINT WARNING * * *
As you read the scroll labelled NITAR FIUM XOPAT, it crumbles to dust.
It is a scroll of enchant weapon.
Your +0 whip glows red for a moment.
Terence hits you with a +0 flail!
You die...

##.#....##
#.#.#
########
#.#.#
#.#.##
#....#
###..#
#..# #..#
#..# #@.#
#@.# #..#
#..# ...#
##.# .# .#


You could see Terence.

Vanquished Creatures
  2 ball pythons (D:2)
  6 endoplasms (D:1)
  3 goblins
  4 hobgoblins
  2 quokkas (D:1)
  4 bats
  2 frilled lizards (D:1)
  2 kobolds (D:1)
  4 rats
29 creatures vanquished.

Vanquished Creatures (collateral kills)
  A dart slug (D:1)
1 creature vanquished.

Grand Total: 30 creatures vanquished

Notes
Turn   | Place    | Note
-------+----------+-------------------------------------------
     0 | D:1      | Moral the Ghoul Necromancer began the quest for the Orb.
     0 | D:1      | Reached XP level 1. HP: 14/14 MP: 2/2
   321 | D:1      | Reached XP level 2. HP: 13/20 MP: 0/3
   370 | D:1      | Found Duuboif's Distillery.
   966 | D:1      | Reached XP level 3. HP: 26/26 MP: 2/5
  1216 | D:2      | Found Fyocoti's Distillery.
  1409 | D:2      | Found a hazy altar of Hepliaklqana.
  1461 | D:2      | Found a runed translucent door.
  1462 | D:2      | Noticed Crazy Yiuf
  1489 | D:2      | Noticed Terence
  1506 | D:2      | Slain by Terence

Illustrated notes

Levels and vault maps discovered:
D:1:      sevenhm_arrival_forest_fort_small_4, layout_loops_ring, serial_shops,
          nicolae_shop_window_shopping
D:2:      layout_loops_ring, serial_shops, nicolae_shop_statue_plus,
          chequers_ecumenical_altar_grove, basic_altar, uniq_terence,
          uniq_crazy_yiuf_cottage

Skill      XL: |  1  2 |
---------------+-------+-----
Dodging        | 2 |  2.2
Spellcasting   | 2 |  2.1
Stealth        | |  2.8
Necromancy     | |  4.3

Action                     || total
---------------------------++-------
  Melee: Dagger            ||    49
         Punch             ||     1
         Whip              ||    15
   Cast: Necrotise         ||    48
    Use: Scroll            ||     1
 Armour: Robe              ||    17
  Dodge: Dodged            ||    51

Table legend: (Time is in decaauts)
 A = Elapsed time spent in this place.
 B = Non-inter-level travel time spent in this place.
 C = Inter-level travel time spent in this place.
 D = Time resting spent in this place.
 E = Time spent auto-exploring this place.
 F = Levels seen in this place.
 G = Mean time per level.
                   A        B        C        D        E       F      G
               +--------+--------+--------+--------+--------+-----+--------+
         Total |   1515 |   1445 |     70 |      0 |   1174 |   2 |  757.5 |
       Dungeon |   1515 |   1445 |     70 |      0 |   1174 |   2 |  757.5 |
               +--------+--------+--------+--------+--------+-----+--------+

Top non-repeatable levels by time:
     D:1: 1165 daAuts
     D:2: 350 daAuts
